 Dungeon Crawl Stone Soup version 0.32-a0-40-g2adb59ae06 (webtiles) character file.

Game seed: 10270946170905209834

668 senseless the Insei (level 7, -2/54 HPs)
             Began as a Demonspawn Shapeshifter on Jan 24, 2024.
             Was an Elder of Uskayaw.
             Slain by a gnoll bouda
             ... wielding a +0 whip
              (7 damage)
             ... on level 5 of the Dungeon.
             The game lasted 00:13:51 (3934 turns).

senseless the Insei (Demonspawn Shapeshifter)       Turns: 3934, Time: 00:13:53

Health: -2/54      AC:  8    Str: 14    XL:     7   Next: 32%
Magic:  7/7        EV: 13    Int: 17    God:    Uskayaw [****..]
Gold:   271        SH:  0    Dex: 14    Spells: 6/6 levels left

rFire   . .          .
                       - Unarmed
rCold   . . .        (no shield)
rNeg    . . .        h - +2 scale mail
rPois   .            (helmet currently unavailable)
rElec   .            (cloak currently unavailable)
rCorr   .            (gloves currently unavailable)
SInv    .            (boots currently unavailable)
Will    .....        w - amulet of the acrobat
Stlth   +            m - +6 ring of intelligence
HPRegen 1.09/turn    (no ring)
MPRegen 0.10/turn

%: acrobat
@: beast-form, attractive
A: beast (slay +2), sturdy frame 3, horns 1, regeneration 1
a: Begin Untransformation, Renounce Religion, Stomp, Line Pass


You were on level 5 of the Dungeon.
You worshipped Uskayaw.
Uskayaw was noncommittal.
You were a hulking beast.
You visited 2 branches of the dungeon, and saw 6 of its levels.

You collected 271 gold pieces.

Inventory:

Hand Weapons
 t - a +3 mace of protection
 u - a +2 dagger of protection
Missiles
 i - 5 poisoned darts (quivered)
Armour
 b - a +0 helmet
 h - a +2 scale mail (worn)
 n - a +0 pair of gloves
 o - a +0 pair of boots
 s - a +0 plate armour
Jewellery
 m - a +6 ring of intelligence (left hand)
 w - an amulet of the acrobat (around neck)
Talismans
 c - a beast talisman
 d - a flux talisman
 q - a blade talisman
Scrolls
 f - a scroll of fear
 l - 2 scrolls of teleportation
 x - a scroll of enchant armour
Potions
 e - 2 potions of enlightenment
 p - 2 potions of brilliance
 v - a potion of invisibility


   Skills:
 + Level 4.0 Fighting
 + Level 4.0 Dodging
 + Level 4.5 Unarmed Combat
 + Level 4.2 Shapeshifting


You had 6 spell levels left.
You didn't know any spells.
Your spell library contained the following spells:

 Spells                   Type           Power      Damage    Failure   Level
 Apportation              Tloc           0%         N/A       30%         1
 Sandblast                Erth           0%         2d4       30%         1
 Ensorcelled Hibernation  Hex/Ice        0%         N/A       41%         2
 Jinxbite                 Hex            0%         N/A       41%         2
 Passwall                 Erth           0%         N/A       65%         3
 Stone Arrow              Conj/Erth      0%         3d7       65%         3
 Swiftness                Air            0%         N/A       65%         3
 Brom's Barrelling Bould  Conj/Erth      0%         2d3       96%         4
 Alistair's Intoxication  Alch           0%         N/A       100%        5


Dungeon Overview and Level Annotations

Branches:
Dungeon (5/15)             Temple (1/1) D:4

Altars:
Ashenzari
Cheibriados
Fedhas
Gozag
Makhleb
Nemelex Xobeh
Qazlal
Ru
Uskayaw
Vehumet
Yredelemnul

Portals:
Abyss: D:4

Annotations:
D:4 2 transporters, SoakedWettersCrisps's ghost, amateur DsNe


Innate Abilities, Weirdness & Mutations

You are a hulking beast.
Your limbs bulge with bestial killing power. (Slay +2)
Your movements are significantly less encumbered by armour. (ER -6)
You have a pair of small horns on your head.
Your natural rate of healing is unusually fast.


Message History

The gnoll hits you but does no damage. The gnoll closely misses you.
You hit the gnoll bouda but do no damage.
The gnoll bouda is almost dead.
The gnoll closely misses you. The gnoll bouda barely misses you.
Uskayaw links your audience in an emotional bond!
You hit the gnoll bouda.
The gnoll bouda is almost dead.
The gnoll closely misses you. The gnoll barely misses you.
The gnoll hits you but does no damage.
The gnoll bouda utters an invocation to its god.
The gnoll bouda is healed somewhat.
You hit the gnoll bouda.
You headbutt the gnoll bouda, but do no damage.
The gnoll bouda is almost dead.
The gnoll closely misses you.
The gnoll hits you but does no damage. x2
The gnoll bouda hits you but does no damage.
You hit the gnoll bouda but do no damage.
The gnoll bouda is almost dead.
The gnoll bouda is no longer sharing its pain.
The gnoll is no longer sharing its pain.
The gnoll is no longer moving quickly.
The gnoll is no longer sharing its pain. x2
The gnoll barely misses you. x2; The gnoll misses you.
The gnoll bouda barks out a call to the hunt!
The gnoll picks up the pace!
You hit the gnoll bouda.
The gnoll bouda is almost dead.
The gnoll is no longer moving quickly.
The gnoll hits you with a +0 whip.
* * * LOW HITPOINT WARNING * * *
The gnoll hits you but does no damage. x2
The gnoll bouda barks out a call to the hunt!
The gnoll picks up the pace!
You hit the gnoll bouda but do no damage.
The gnoll bouda is almost dead.
The gnoll misses you. The gnoll hits you with a +0 spear.
* * * LOW HITPOINT WARNING * * *
The gnoll hits you with a +0 spear.
* * * LOW HITPOINT WARNING * * *
The gnoll bouda hits you with a +0 whip!
You die...

.. .......................
. .. #)........$##.....
...#. ###..........##.5...
#....###........#####......
#.!.........).# .......
.....####........# ####....
... #........# #
#..gg....##.# ...
#.ghg.....#.# ..
#.........#.###..
####..........(..
#................ .
#..##...........# ... ...
#..........(##... ##
#.####.####...... ##
#................ #
###....###.........#.#


You could see a gnoll bouda and 3 gnolls.

Vanquished Creatures
  A water moccasin (D:5)
  A phantom (D:5)
  3 bombardier beetles
  2 hounds (D:5)
  3 jellies
  An iguana (D:4)
  6 adders
  2 gnolls (D:5)
  A white imp (D:5)
  An adder skeleton (D:2)
  2 dart slugs
  5 ribbon worms
  An orc (D:4)
  6 ball pythons
  4 bats
  2 bat zombies (D:2)
  3 endoplasms
  3 giant cockroaches
  10 goblins
  8 hobgoblins
  11 jackals
  6 quokkas
  A ball python skeleton (D:2)
  2 ball python zombies (D:2)
  5 frilled lizards
  3 giant cockroach zombies (D:2)
  8 kobolds
  A quokka skeleton (D:2)
  A quokka zombie (D:2)
  8 rats
111 creatures vanquished.

Notes
Turn   | Place    | Note
-------+----------+-------------------------------------------
     0 | D:1      | senseless the Demonspawn Shapeshifter began the quest for
                  | the Orb.
     0 | D:1      | Reached XP level 1. HP: 15/15 MP: 1/1
   195 | D:1      | Gained mutation: Your movements are slightly less
                  | encumbered by armour. (ER -2) [demonic ancestry]
   195 | D:1      | Reached XP level 2. HP: 21/21 MP: 2/2
   790 | D:2      | Gained mutation: Your movements are less encumbered by
                  | armour. (ER -4) [demonic ancestry]
   790 | D:2      | Reached XP level 3. HP: 27/27 MP: 3/3
  1189 | D:2      | Reached XP level 4. HP: 20/33 MP: 4/4
  1386 | D:2      | Found a faded altar of an unknown god.
  1795 | D:3      | Identified the +9 short sword of the Wasp {holy, ^Drain rN+
                  | Will+ Stlth+}
  1969 | D:3      | You fall into a shaft and drop 1 floor!
  2045 | D:4      | Found a staircase to the Ecumenical Temple.
  2060 | D:4      | Reached XP level 5. HP: 32/39 MP: 5/5
  2088 | Temple   | Entered the Ecumenical Temple
  2107 | Temple   | Became a worshipper of Uskayaw the Reveller
  2151 | D:3      | Reached * piety under Uskayaw
  2165 | D:3      | Reached ** piety under Uskayaw
  2177 | D:3      | Reached *** piety under Uskayaw
  2677 | D:4      | Noticed a small abomination
  2734 | D:4      | Found a transporter.
  2757 | D:4      | Reached XP level 6. HP: 41/47 MP: 6/6
  2854 | D:4      | Found a transporter.
  2876 | D:4      | Found a one-way gate to the infinite horrors of the Abyss.
  2876 | D:4      | Noticed SoakedWettersCrisps's ghost (amateur DsNe)
  3226 | D:4      | Found a sparkling altar of Nemelex Xobeh.
  3347 | D:5      | Entered Level 5 of the Dungeon
  3646 | D:5      | Noticed a water moccasin
  3677 | D:5      | Killed a water moccasin
  3685 | D:5      | Reached **** piety under Uskayaw
  3688 | D:5      | Gained mutation: Your movements are significantly less
                  | encumbered by armour. (ER -6) [demonic ancestry]
  3688 | D:5      | Reached XP level 7. HP: 17/53 MP: 7/7
  3895 | D:5      | Gained mutation: Your natural rate of healing is unusually
                  | fast. [potion of mutation]
  3895 | D:5      | Gained mutation: You have a pair of small horns on your
                  | head. [potion of mutation]
  3934 | D:5      | Slain by a gnoll bouda

Illustrated notes

Levels and vault maps discovered:
D:1:      onia_arrival_pentagram, layout_basic
D:2:      layout_rooms, serial_undead, serial_undead_f, serial_undead_a,
          serial_undead_c, serial_undead_a, serial_undead_a, serial_undead_f,
          serial_undead_d, serial_undead_d,
          dreamdust_ecumenical_altar_hidden_monk_grotto
D:3:      layout_loops_ring
D:4:      layout_gridville, nemelex_diamond_rough_becter,
          minmay_temple_entry_grid, gammafunk_ghost_abyssal_escape
D:5:      layout_rooms, worldfamousw_hep_ancestral_shrine,
          minmay_misc_feat_cross
Temple:   nicolae_temple_god_jail

Skill      XL: |  1  2  3  4  5  6  7 |
---------------+----------------------+-----
Dodging        | 2 3 4 |  4.0
Unarmed Combat | 3 4 |  4.5
Shapeshifting  | 3 4 |  4.2
Fighting       | 2 3 4 |  4.0

Action                     |  1- 3 |  4- 6 |  7- 9 || total
---------------------------+-------+-------+-------++-------
  Melee: Unarmed           |   168 |   229 |    48 ||   445
         Punch             |     1 |     4 |     1 ||     6
         Headbutt          |       |       |     4 ||     4
  Throw: Dart              |       |     9 |       ||     9
    Use: Potion            |     3 |     3 |     4 ||    10
         Scroll            |       |    13 |       ||    13
   Stab: Sleeping          |     1 |       |       ||     1
         Paralysed         |       |     1 |     3 ||     4
         Invisible         |       |       |     3 ||     3
 Armour: Animal skin       |    19 |       |       ||    19
         Scale mail        |    78 |   129 |    66 ||   273
         Skin              |     2 |       |       ||     2
  Dodge: Dodged            |   111 |   139 |    63 ||   313

Table legend: (Time is in decaauts)
 A = Elapsed time spent in this place.
 B = Non-inter-level travel time spent in this place.
 C = Inter-level travel time spent in this place.
 D = Time resting spent in this place.
 E = Time spent auto-exploring this place.
 F = Levels seen in this place.
 G = Mean time per level.
                   A        B        C        D        E       F      G
               +--------+--------+--------+--------+--------+-----+--------+
         Total |   3906 |   3669 |    237 |     58 |   2660 |   6 |  651.0 |
       Dungeon |   3869 |   3662 |    207 |     58 |   2660 |   5 |  773.8 |
        Temple |     36 |      6 |     30 |      0 |      0 |   1 |   36.0 |
               +--------+--------+--------+--------+--------+-----+--------+

Top non-repeatable levels by time:
     D:4: 1063 daAuts
     D:3: 779 daAuts
     D:1: 749 daAuts
     D:2: 739 daAuts
     D:5: 537 daAuts
  Temple: 36 daAuts
